 Dungeon Crawl Stone Soup version 0.29-a0-598-gd8304a5bf4 (webtiles) character file.

Game seed: 16849092648480313256

6636 spaghetti the Slinger (level 11, 0/113 HPs)
             Began as an Ogre Wanderer on June 15, 2022.
             Was a Believer of Trog.
             Succumbed to a hornet's poison
             ... on level 9 of the Dungeon.
             The game lasted 00:15:53 (11617 turns).

spaghetti the Slinger (Ogre Wanderer)              Turns: 11617, Time: 00:15:54

Health: 0/113      AC:  3    Str: 17    XL:     11   Next: 2%
Magic:  27/27      EV: 11    Int: 18    God:    Trog [**....]
Gold:   347        SH:  0    Dex: 12    Spells: 18/19 levels left

rFire   + . .      SeeInvis +   a - +9 hunting sling of the Inviting Wasp {speed, Str+2 Int+2 SInv Stlth+, sling}
rCold   + . .      Faith    .   (no shield)
rNeg    . . .      Spirit   .   A - +0 robe {Archmagi}
rPois   .          Reflect  .   (helmet restricted)
rElec   .          Harm     .   l - scarf {rC+ rF+}
rCorr   .          Rampage  .   (gloves unavailable)
Will    +++..      Archmagi +   (boots unavailable)
Stlth   ++........              (no amulet)
HPRegen 1.28/turn               L - ring of magical power
MPRegen 0.20/turn               (no ring)

@: lethally poisoned (0 -> -2), strong-willed, on berserk cooldown,
regenerating, slowed, very slow
A: large, unfitting armour, tough skin 1, wild magic 1
a: Renounce Religion, Berserk, Trog's Hand


You were on level 9 of the Dungeon.
You worshipped Trog.
Trog was pleased with you.
You visited 1 branch of the dungeon, and saw 9 of its levels.

You collected 446 gold pieces.
You spent 99 gold pieces at shops.


Innate Abilities, Weirdness & Mutations

You are too large for most types of armour.
You have tough skin. (AC +1)
Your spells are a little harder to cast, but a little more powerful.


   Skills:
 - Level 8.6 Fighting
 + Level 9.3(9.9) Slings
 - Level 6.6(10.2) Throwing
 - Level 5.5 Dodging
 - Level 4.8 Spellcasting
 - Level 2.2 Necromancy


You had 18 spell levels left.
You knew the following spells:

 Your Spells              Type           Power      Damage    Failure   Level
a - Necrotize             Necr           96%        1d8       9%          1

Your spell library contained the following spells:

 Spells                   Type           Power      Damage    Failure   Level
 Beastly Appendage        Tmut           16%        N/A       21%         1
 Shock                    Conj/Air       32%        1d5       21%         1
 Vampiric Draining        Necr           24%        2d7       22%         3
 Passwall                 Tmut/Erth      6%         N/A       28%         2
 Wereblood                Tmut           8%         N/A       28%         2
 Call Canine Familiar     Summ           8%         N/A       47%         3
 Frozen Ramparts          Ice            16%        1d3       47%         3
 Ozocubu's Armour         Ice            8%         N/A       47%         3
 Portal Projectile        Hex/Tloc       16%        N/A       47%         3
 Spider Form              Tmut/Pois      8%         N/A       47%         3
 Swiftness                Air            8%         N/A       47%         3
 Airstrike                Air            4%         N/A       86%         4
 Leda's Liquefaction      Hex/Erth       4%         N/A       86%         4
 Metabolic Englaciation   Hex/Ice        4%         N/A       99%         5
 Simulacrum               Ice/Necr       8%         N/A       100%        6

Inventory:

Hand Weapons
 a - the +9 hunting sling of the Inviting Wasp (weapon) {speed, Str+2 Int+2 SInv Stlth+, sling}
   (You found it on level 6 of the Dungeon)

   Attacks with this weapon are significantly faster.
   Str:       It affects your strength (+2).
   Int:       It affects your intelligence (+2).
   SInv:      It lets you see invisible.
   Stlth:     It makes you more stealthy.
 b - a +0 demon blade of venom {long}
   (You found it on level 9 of the Dungeon)
 m - a +6 vorpal short sword {short}
   (You took it off a kobold on level 2 of the Dungeon)
 q - a +0 dagger {short}
 s - a +4 dagger of speed {short}
   (You took it off Jessica on level 3 of the Dungeon)
 u - a +0 club {mace}
   (You took it off an orc priest on level 7 of the Dungeon)
 w - a +0 short sword {short}
   (You took it off an orc warrior on level 7 of the Dungeon)
 x - a +0 mace {mace}
   (You took it off an orc on level 7 of the Dungeon)
 y - a +0 hand axe {axe}
   (You took it off an orc on level 7 of the Dungeon)
 N - the +11 dagger of Integrity {antimagic, rPois, short}
   (You found it on level 8 of the Dungeon)

   It reduces the magical energy of the wielder, and disrupts the spells and
   magical abilities of those it strikes.
   Natural abilities and divine invocations are not affected.
   rPois:     It protects you from poison.
Missiles
 c - 12 boomerangs {throwing}
 g - 217 stones {throwing}
 D - 53 poisoned darts {throwing}
Armour
 d - a +1 robe
 l - a scarf of resistance (worn)
   (You found it on level 4 of the Dungeon)
 A - a +0 robe of the Archmagi (worn)
   (You bought it in a shop on level 7 of the Dungeon)
Jewellery
 I - a ring of willpower
   (You found it on level 8 of the Dungeon)
 L - a ring of magical power (left hand)
   (You found it on level 9 of the Dungeon)
Wands
 e - a wand of acid (7)
   (You found it on level 4 of the Dungeon)
 p - a wand of paralysis (4)
   (You took it off Ijyb on level 5 of the Dungeon)
 E - a wand of polymorph (7)
   (You found it on level 8 of the Dungeon)
 G - a wand of mindburst (17)
   (You found it on level 8 of the Dungeon)
Scrolls
 f - 2 scrolls of immolation {!r!r}
 h - 2 scrolls of silence {!r}
 k - 3 scrolls of blinking {!r}
 r - a scroll of fog
 v - 2 scrolls of poison {!r}
 z - 2 scrolls of enchant armour
 F - a scroll of vulnerability {!r!r}
 H - a scroll of teleportation {@r4}
 K - a scroll of magic mapping {!r}
Potions
 i - 2 potions of degeneration {!q@e2}
 n - a potion of mutation {!q}
 o - 2 potions of resistance
 t - a potion of brilliance
 C - a potion of might
 J - a potion of flight

Dungeon Overview and Level Annotations

Branches:
Dungeon (9/15) Zot: 26286  Temple (0/1) D:7
   Lair: D:8-11         Orc: D:9-12

Altars:
Ashenzari
Dithmenos
Elyvilon
Fedhas
Nemelex Xobeh
Ru
Sif Muna
Trog
The Shining One

Shops:
D:2 =   D:3 (   D:7 [

Annotations:
D:9 exclusion: door

.. ..... .. .... #$
...# .. #. ..o #.# #<
.. ... ##.#.#..#
#....#o.#.# #@o.....#
#()...... #.#######
#........ #.#######
#....# #.....# .....#
#####.######......
#.................
#####.##.#######......


You could see 2 orc wizards and an orc.


Message History

😨 HP[-6]
You take 6 damage, and now have 41/106 hp.
Unknown command.
Unknown command.
Unknown command.
As you read the scroll of fear, it crumbles to dust.
You assume a fearsome visage.
The orc wizard looks frightened!
The orc looks frightened!
The orc wizard looks frightened!
The hornet looks frightened!
You feel very sick.
The orc wizard casts a spell.
The orc wizard flickers and vanishes for a moment.
The orc wizard casts a spell.
The orc wizard flickers and vanishes for a moment.
Cornered, the hornet turns to fight! 😨 HP[-3]
You take 3 damage, and now have 38/106 hp.
You feel very sick. The hornet stings you.
* * * LOW HITPOINT WARNING * * *
You are more poisoned.
You suddenly lose the ability to move!
You feel very sick. The hornet stings you!
* * * LOW HITPOINT WARNING * * *
You feel as though you will be slow longer.
The hornet stings you!
* * * LOW HITPOINT WARNING * * *
You are lethally poisoned!
You feel as though you will be slow longer.
You can move again. 😱 HP[-25]
You take 25 damage, and now have 13/106 hp.
MASSIVE DAMAGE!! (PAUSE)
Okay, then.
Aiming: Corrosive Bolt
Press: ? - help, Shift-Dir - straight line, f/p - hornet
Aim: a hornet (almost dead, 57% to hit)
The bolt of acid hits the hornet!
The acid corrodes the hornet!
You kill the hornet!
Trog accepts your kill.
The bolt of acid hits the orc wizard!
Your attack snaps the orc wizard out of its fear.
* * * LOW HITPOINT WARNING * * *
You feel extremely sick.
An orc wizard comes into view. It is wielding a +0 dagger.
The orc wizard misses you.
You have reached level 11! 😱 HP[-5] MP[+1]
You now have 113 max hp (+7).
Your mp is fully restored (27).
Unknown command.
Unknown command.
Okay, then.
You are seriously poisoned (8 -> 1).
Your willpower is greatly increased.
You are unable to berserk.
You are regenerating.
You are slowed.
Your movement speed is very slow.
Your attack delay is about 1.0.
Your base attributes are Str 15, Int 16, Dex 12.
Throw: dart (curare) {=fthrowing}
Press: ? - help, Shift-Dir - straight line, f - orc wizard
Aim: an orc wizard, wielding a +0 dagger and wearing a +0 robe (heavily wounded, slightly transparent, 61% to hit)
You throw a curare-tipped dart {=fthrowing}.
The curare-tipped dart {=fthrowing} hits the orc wizard.
The orc wizard is poisoned.
The orc wizard convulses.
You kill the orc wizard!
Trog accepts your kill.
Trog appreciates your killing of a magic user.
* * * LOW HITPOINT WARNING * * *
You feel very sick. 😱 HP[-3]
You take 3 damage, and now have 5/113 hp.
Okay, then.
Okay, then.
Okay, then.
Fire: a) +9 hunting sling of the Inviting Wasp {speed, Str+2 Int+2 SInv Stlth+, sling}
Press: ? - help, Q - select action, (/) - cycle Shift-Dir - straight line, f - orc wizard
Aim: an orc wizard, wielding a +0 dagger and wearing a +0 robe (67% to hit)
You shoot a sling bullet. The sling bullet hits the orc wizard!
* * * LOW HITPOINT WARNING * * *
You feel very sick.
The orc wizard hits you with a +0 dagger.
* * * LOW HITPOINT WARNING * * *
An orc wizard comes into view. It is wielding a +0 dagger. 😱 HP[-4]
You take 4 damage, and now have 1/113 hp.
Fire: a) +9 hunting sling of the Inviting Wasp {speed, Str+2 Int+2 SInv Stlth+, sling}
Press: ? - help, Q - select action, (/) - cycle Shift-Dir - straight line, f/p - orc wizard
Aim: an orc wizard, wielding a +0 dagger and wearing a +0 robe (severely wounded, 67% to hit)
You shoot a sling bullet.
The sling bullet barely misses the orc wizard.
* * * LOW HITPOINT WARNING * * *
You feel sick. The orc wizard misses you.
An orc comes into view. It is wielding a +0 mace.
The orc wizard casts a spell.
The orc wizard flickers and vanishes for a moment.
Fire: a) +9 hunting sling of the Inviting Wasp {speed, Str+2 Int+2 SInv Stlth+, sling}
Press: ? - help, Q - select action, (/) - cycle Shift-Dir - straight line, f/p - orc wizard
Aim: an orc wizard, wielding a +0 dagger and wearing a +0 robe (severely wounded, 67% to hit)
You shoot a sling bullet.
The sling bullet closely misses the orc wizard.
You die...

Skill      XL: |  1  2  3  4  5  6  7  8  9 10 |
---------------+-------------------------------+-----
Fighting       | 1 3 4 5 6 8 |  8.6
Necromancy     | 2 |  2.2
Throwing       | 2 3 4 5 6 |  6.6
Dodging        | 2 3 4 5 |  5.5
Slings         | 6 9 |  9.3
Spellcasting   | |  4.8

Action                   |  1- 3 |  4- 6 |  7- 9 | 10-12 || total
-------------------------+-------+-------+-------+-------++-------
Melee: Dagger            |    46 |       |    43 |    53 ||   142
       Short sword       |    26 |   119 |   170 |       ||   315
       Punch             |       |     1 |     2 |     2 ||     5
       Demon blade       |       |       |       |     3 ||     3
 Fire: Hunting sling     |       |       |    79 |    91 ||   170
Throw: Dart              |    18 |       |       |     1 ||    19
       Stone             |       |     3 |     7 |     7 ||    17
 Cast: Necrotize         |    19 |       |       |       ||    19
Invok: Berserk           |       |     3 |    11 |     7 ||    21
       Trog's Hand       |       |       |     4 |     3 ||     7
Evoke: Wand              |       |       |     8 |     4 ||    12
  Use: Potion            |     1 |       |     9 |     1 ||    11
       Scroll            |       |    10 |     4 |     7 ||    21
 Stab: Sleeping          |     2 |       |       |       ||     2
       Paralysed         |       |       |       |     4 ||     4
Armor: Robe              |    32 |    36 |    87 |    16 ||   171
       Skin              |     7 |    18 |    85 |       ||   110
Dodge: Dodged            |    39 |    64 |   140 |    58 ||   301

Levels and vault maps discovered:
D:1:      dpeg_arrival_shrine, layout_loops_ring, minmay_misc_feat_alley
D:2:      layout_loops_corners, ebering_ecumenical_altar_mist, serial_shops,
          shop
D:3:      layout_loops_ring, nicolae_dithmenos_the_darkroom, serial_shops, shop,
          roderic_lattice_a, st_stairs_11, uniq_jessica
D:4:      layout_cave_pools, minmay_misc_feat_encased
D:5:      layout_cave_pools, tso_altar, mainiacjoe_overflow_tiny_flanked,
          roderic_three_in_a_row, uniq_ijyb, uniq_menkaure
D:6:      minmay_flawed_box, layout_gridville, minitemple
D:7:      layout_gridville, kennysheep_little_box, minmay_temple_entry_ruins,
          serial_shops, nicolae_square_shop
D:8:      hellmonk_destroyed_diamonds, layout_basic, minivault_19,
          chequers_serial_rivers_large_b, minmay_misc_feat_nine_boxes,
          uniq_pikel, uniq_erica
D:9:      minmay_the_grid_triangle_9x9_rhombus_thin_mashed
          [minmay_the_grid_triangle_9x9_tough_junction,
          minmay_the_grid_triangle_9x9_prize_schism,
          minmay_the_grid_triangle_9x9_wacky_v,
          minmay_the_grid_triangle_9x9_flanged_cone], layout_basic,
          xom_teletrap_fun, kennysheep_mini, mainiacjoe_overflow_six_doors_small

Notes
Turn   | Place    | Note
-------+----------+-------------------------------------------
     0 | D:1      | spaghetti the Ogre Wanderer began the quest for the Orb.
     0 | D:1      | spaghetti set off with the following items: a +0 dagger
                  | {short}, 14 poisoned darts {throwing}, a potion of
                  | lignification {!q}, a +0 robe; and the following spells
                  | available to memorise: Necrotize, Beastly Appendage,
                  | Passwall, Vampiric Draining, Frozen Ramparts, Swiftness.
     0 | D:1      | Reached XP level 1. HP: 16/16 MP: 6/6
     0 | D:1      | magus.rc [v1.9.6]
     2 | D:1      | Learned a level 1 spell: Necrotize
   240 | D:1      | Reached skill level 1 in Fighting
   240 | D:1      | Reached skill level 2 in Necromancy
   240 | D:1      | Reached XP level 2. HP: 27/27 MP: 7/7
  1190 | D:2      | Reached XP level 3. HP: 31/35 MP: 6/9
  1233 | D:2      | Found a faded altar of an unknown god.
  1381 | D:2      | Prayed at the altar of an unknown god.
  1381 | D:2      | Became a worshipper of Trog the Wrathful
  1381 | D:2      | Reached * piety under Trog
  1479 | D:2      | Reached skill level 2 in Fighting
  1479 | D:2      | Reached skill level 2 in Throwing
  1482 | D:2      | You pick up a book of the Hunter {forbidden} and begin
                  | reading...
  1482 | D:2      | You add the spells Call Canine Familiar, Portal Projectile
                  | and Leda's Liquefaction to your library.
  1960 | D:2      | Found Qeollej's Jewellery Shop.
  1971 | D:2      | Reached skill level 3 in Fighting
  1971 | D:2      | Reached XP level 4. HP: 45/45 MP: 10/10
  2123 | D:2      | Reached skill level 3 in Throwing
  2232 | D:3      | Reached XP level 5. HP: 50/54 MP: 12/12
  2398 | D:3      | Reached ** piety under Trog
  2479 | D:3      | Reached skill level 4 in Fighting
  2644 | D:3      | Found Fynarph's Antique Weapon Shoppe.
  2688 | D:3      | Found a shadowy altar of Dithmenos.
  2833 | D:3      | Noticed Jessica
  2834 | D:3      | Killed Jessica
  2981 | D:3      | You pick up a book of Air {forbidden} and begin reading...
  2981 | D:3      | You add the spells Shock and Airstrike to your library.
  3304 | D:3      | Reached skill level 2 in Dodging
  3471 | D:4      | Reached XP level 6. HP: 46/65 MP: 13/13
  3717 | D:4      | Noticed a black bear
  3729 | D:4      | Killed a black bear
  3730 | D:4      | Reached skill level 5 in Fighting
  3730 | D:4      | Reached skill level 4 in Throwing
  3972 | D:4      | Reached skill level 3 in Dodging
  3983 | D:4      | Reached XP level 7. HP: 44/72 MP: 14/14
  4587 | D:5      | Entered Level 5 of the Dungeon
  4638 | D:5      | Noticed Menkaure
  4645 | D:5      | Reached skill level 6 in Fighting
  4648 | D:5      | Killed Menkaure
  4649 | D:5      | Reached skill level 5 in Throwing
  4662 | D:5      | HP: 19/76 [orc/+0 flail (8)]
  4663 | D:5      | Gained mutation: Your spells are a little harder to cast,
                  | but a little more powerful. [potion of mutation]
  4665 | D:5      | HP: 9/76 [something/magic dart (4)]
  4665 | D:5      | HP: 4/76 [orc/+0 flail (5)]
  4670 | D:5      | Reached skill level 4 in Dodging
  4670 | D:5      | HP: 12/114 [orc/+0 dagger (1)]
  4677 | D:5      | HP: 12/114 [orc/+0 dagger (3)]
  4681 | D:5      | Reached XP level 8. HP: 11/84 MP: 15/15
  4682 | D:5      | HP: 13/189 [orc/+0 flail (7)]
  5035 | D:5      | Noticed Ijyb
  5037 | D:5      | Paralysed by Ijyb for 5 turns
  5046 | D:5      | Paralysed by Ijyb for 2 turns
  5050 | D:5      | Killed Ijyb
  5402 | D:5      | Found a broken altar of Ashenzari.
  5412 | D:5      | Reached skill level 7 in Fighting
  5580 | D:5      | Found a glowing golden altar of the Shining One.
  5926 | D:6      | HP: 11/87 [something/magic dart (12)]
  5931 | D:6      | HP: 8/130 [poisoned by a scorpion]
  5935 | D:6      | HP: 2/130 [something (3)]
  5944 | D:6      | HP: 12/130 [scorpion (2)]
  6280 | D:6      | Reached skill level 6 in Throwing
  6298 | D:6      | Reached skill level 8 in Fighting
  6298 | D:6      | Reached skill level 5 in Dodging
  6684 | D:6      | Found a blossoming altar of Fedhas.
  6684 | D:6      | Found a white marble altar of Elyvilon.
  6684 | D:6      | Found a sacrificial altar of Ru.
  6689 | D:6      | Found a shimmering blue altar of Sif Muna.
  6771 | D:6      | Identified the +9 hunting sling of the Inviting Wasp
                  | {speed, Str+2 Int+2 SInv Stlth+}
  6781 | D:6      | Reached XP level 9. HP: 42/97 MP: 16/16
  7017 | D:6      | Reached skill level 1 in Slings
  7260 | D:7      | Reached skill level 2 in Slings
  7479 | D:7      | Found a staircase to the Ecumenical Temple.
  7598 | D:7      | Reached skill level 3 in Slings
  7958 | D:7      | Found a sparkling altar of Nemelex Xobeh.
  8022 | D:7      | Found Plog's Antique Armour Boutique.
  8029 | D:7      | Bought an embroidered robe for 99 gold pieces
  8029 | D:7      | Identified a +0 robe of the Archmagi (You bought it in a
                  | shop on level 7 of the Dungeon)
  8444 | D:8      | Identified the +11 dagger of Integrity {antimagic, rPois}
  8484 | D:8      | You pick up a book of Changes {forbidden} and begin
                  | reading...
  8484 | D:8      | You add the spells Wereblood and Spider Form to your
                  | library.
  8529 | D:8      | Noticed Erica
  8538 | D:8      | HP: 36/145 [Erica/+4 scimitar of flaming (9)]
  8540 | D:8      | Killed Erica
  8541 | D:8      | Reached skill level 5 in Slings
  8543 | D:8      | HP: 27/145 [centaur (4)]
  8893 | D:8      | Reached skill level 6 in Slings
  8893 | D:8      | Reached XP level 10. HP: 104/106 MP: 5/17
  9347 | D:8      | Reached skill level 7 in Slings
  9347 | D:8      | HP: 37/159 [yak (15)]
 10105 | D:8      | Noticed a two-headed ogre
 10118 | D:8      | Killed a two-headed ogre
 10307 | D:8      | You pick up a book of Winter {forbidden} and begin
                  | reading...
 10307 | D:8      | You add the spells Ozocubu's Armour, Metabolic Englaciation
                  | and Simulacrum to your library.
 10350 | D:8      | Noticed Pikel
 10368 | D:8      | Killed Pikel
 10369 | D:8      | Reached skill level 8 in Slings
 11257 | D:9      | HP: 25/106 [wyvern (17)]
 11262 | D:9      | HP: 21/106 [centaur (5)]
 11266 | D:9      | Reached skill level 9 in Slings
 11607 | D:9      | Paralysed by a hornet for 1 turns
 11611 | D:9      | Paralysed by a hornet for 2 turns
 11612 | D:9      | HP: 22/106 [hornet (8)]
 11613 | D:9      | HP: 7/106 [poisoned by a hornet]
 11614 | D:9      | Reached XP level 11. HP: 8/113 MP: 18/18
 11615 | D:9      | HP: 3/113 [poisoned by a hornet]
 11615 | D:9      | HP: 1/113 [orc wizard/+0 dagger (2)]
 11617 | D:9      | Succumbed to a hornet's poison

Vanquished Creatures
  A two-headed ogre (D:8)
  Erica (D:8)
  Pikel (D:8)
  2 hornets (D:9)
  2 shadows (D:8)
  6 yaks
  2 wyverns
  A steam dragon (D:9)
  Menkaure (D:5)
  A water moccasin (D:5)
  2 orc warriors
  2 black bears
  An ogre (D:5)
  2 centaurs
  2 phantoms (D:6)
  3 kobold brigands
  A gnoll sergeant (D:8)
  A necrophage (D:6)
  3 bullfrogs (D:8)
  3 scorpions
  A killer bee (D:9)
  A jelly (D:5)
  3 hounds
  3 gnoll shamans
  6 orc priests
  Jessica (D:3)
  Ijyb (D:5)
  4 iguanas
  18 orc wizards
  18 gnolls
  5 adders
  A white imp (D:5)
  2 worms
  2 dart slugs
  20 orcs
  2 ball pythons
  4 bats
  7 endoplasms
  3 giant cockroaches
  9 hobgoblins
  7 quokkas
  3 frilled lizards
  3 goblins
  20 kobolds
  4 rats
186 creatures vanquished.

Table legend:
 A = Non-vault XP
 B = Vault XP
 C = Vault XP percentage of total XP
 D = Non-vault monster count
 E = Vault monster count
 F = Vault count percentage of total count
                 A         B        C        D         E       F
            +---------+---------+-------+---------+---------+-------
      Total |    6674 |    2807 |  29.6 |     161 |      25 |  13.4
            +---------+---------+-------+---------+---------+-------
        D:1 |      31 |       0 |   0.0 |      18 |       0 |   0.0
        D:2 |     121 |       0 |   0.0 |      22 |       0 |   0.0
        D:3 |      68 |      45 |  39.8 |      14 |       4 |  22.2
        D:4 |     450 |       0 |   0.0 |      25 |       0 |   0.0
        D:5 |     503 |     205 |  29.0 |      16 |       2 |  11.1
        D:6 |     707 |     387 |  35.4 |      10 |      12 |  54.5
        D:7 |     752 |       0 |   0.0 |      22 |       0 |   0.0
        D:8 |    2952 |    1507 |  33.8 |      23 |       2 |   8.0
        D:9 |    1090 |     663 |  37.8 |      11 |       5 |  31.2
            +---------+---------+-------+---------+---------+-------

Illustrated notes

Table legend:
 A = Kills in this place as a percentage of kills in entire the game.
 B = Kills by you in this place as a percentage of kills by you in the entire game.
 C = Kills by friends in this place as a percentage of kills by friends in the entire game.
 D = Other kills in this place as a percentage of other kills in the entire game.
 E = Experience gained in this place as a percentage of experience gained in the entire game.
 F = Experience gained in this place divided by the number of levels of this place that you have seen.
                   A       B       C       D       E      F
               +-------+-------+-------+-------+-------+----------------------
         Total | 100.0 | 100.0 |   N/A |   N/A | 100.0 | 1053.4
       Dungeon | 100.0 | 100.0 |   N/A |   N/A | 100.0 | 1053.4
               +-------+-------+-------+-------+-------+----------------------

Table legend: (Time is in decaauts)
 A = Elapsed time spent in this place.
 B = Non-inter-level travel time spent in this place.
 C = Inter-level travel time spent in this place.
 D = Time resting spent in this place.
 E = Time spent auto-exploring this place.
 F = Levels seen in this place.
 G = Mean time per level.
                   A        B        C        D        E       F      G
               +--------+--------+--------+--------+--------+-----+--------+
         Total |  11786 |  11543 |    243 |    605 |   9668 |   9 | 1309.6 |
       Dungeon |  11786 |  11543 |    243 |    605 |   9668 |   9 | 1309.6 |
               +--------+--------+--------+--------+--------+-----+--------+

Top non-repeatable levels by time:
     D:8: 2559 daAuts
     D:6: 1427 daAuts
     D:7: 1334 daAuts
     D:3: 1200 daAuts
     D:4: 1197 daAuts
     D:1: 1156 daAuts
     D:5: 1122 daAuts
     D:2: 1074 daAuts
     D:9: 713 daAuts
